Map: Bel'Shir Vestige LE (Void)

Players

Musumeci - Winner!

  • Race: Terran Terran
  • League: Diamond
  • Spawn Location: 11:00

Andrea

  • Race: Protoss Protoss
  • Spawn Location: 5:00

VOD

Have the link to the VOD?

Description

Time

  • Played on: Feb. 3, 2017, 7:18 a.m.
  • Length: 7:55
Show
View Real Time Build Order
Export as new Build Order

Musumeci Terran - Winner!

Build Orders:  

Get SALT Encoding   

  12  0:02  SCV  
  13  0:21  Refinery  
  13  0:38  Supply Depot  
  13  1:00  Barracks  
  13  1:05  SCV  
  14  1:17  SCV  
  15  1:29  SCV  
  16  1:36  Barracks  
  16  1:49  Reaper  
  16  1:53  Barracks  
  17  1:59  Refinery  
  17  2:02  SCV  
  18  2:09  Supply Depot  
  18  2:14  SCV  
  19  2:21  Reaper  
  20  2:26  SCV  
  21  3:08  Reaper  
  21  3:09  Reaper  
  21  3:10  Reaper  
  24  3:13  Supply Depot  
  24  4:27  Reaper  
  24  4:28  Reaper x2  
  27  4:59  Reaper  
  28  5:00  Reaper x2  
  29  5:31  Reaper  
  29  6:16  Supply Depot  
  28  7:12  Reaper x3  
Show
View Real Time Build Order
Export as new Build Order

Andrea Protoss 

Build Orders:  

Get SALT Encoding   

  12  0:04  Probe (Chrono Boost)  
  13  0:15  Probe (Chrono Boost)  
  14  0:25  Probe (Chrono Boost)  
  14  0:26  Pylon  
  15  0:44  Probe (Chrono Boost)  
  15  0:49  Gateway  
  16  0:55  Probe (Chrono Boost)  
  17  1:05  Probe (Chrono Boost)  
  17  1:07  Assimilator  
  18  1:34  Forge  
  18  1:52  Nexus  
  18  1:55  Probe (Chrono Boost)  
  19  2:02  Assimilator  
  19  2:05  Probe (Chrono Boost)  
  20  2:16  Probe (Chrono Boost)  
  21  2:26  Probe (Chrono Boost)  
  22  2:42  Probe (Chrono Boost)  
  20  2:52  Probe (Chrono Boost)  
  21  3:03  Probe (Chrono Boost)  
  21  3:09  Pylon  
  21  3:13  Probe (Chrono Boost)  
  21  3:15  Probe (Chrono Boost)  
  23  3:26  Probe (Chrono Boost)  
  23  3:36  Probe (Chrono Boost)  
  23  3:40  Gateway  
  20  3:47  Probe (Chrono Boost)  
  16  4:00  Photon Cannon  
  5  4:30  Zealot  
  7  4:51  Nexus  
  7  4:57  Zealot  
  6  5:24  Zealot  
  5  5:51  Zealot  
  7  6:18  Zealot  
  7  6:45  Zealot  
Tags
 
Add a new tag
Caveats
  • Supply blocks, unpowered buildings, or Contaminate may cause inaccurate times.
  • Supply counts are checked every 10 seconds.